 Dungeon Crawl Stone Soup version 0.25-a0-781-gc44aebf4fe (webtiles) character file.

Game seed: 3886433592099100428, levelgen mode: deterministic

3689 Bapho the Basher (level 9, -1/74 HPs)
             Began as a Green Draconian Monk on Apr 15, 2020.
             Was a Priest of Vehumet.
             Slain by a two-headed ogre
             ... wielding a cursed -2 giant club
              (18 damage)
             ... on level 9 of the Dungeon.
             The game lasted 00:25:43 (12526 turns).

Bapho the Basher (Green Draconian Monk)            Turns: 12526, Time: 00:25:45

Health: -1/74      AC:  7    Str: 16    XL:     9   Next: 90%
Magic:  11/14      EV: 14    Int: 11    God:    Vehumet [***...]
Gold:   599        SH:  0    Dex: 14    Spells: 13/15 levels left

rFire    + + .     SeeInvis .   a - +0 flail
rCold    + . .     Gourm    .   (no shield)
rNeg     . . .     Faith    .   (armour unavailable)
rPois    +         Spirit   .   (helmet restricted)
rElec    .         Reflect  .   y - scarf {rC+ rF+}
rCorr    .         Harm     .   (no gloves)
MR       .....                  (no boots)
Stlth    ++........             (no amulet)
HPRegen  0.22/turn              d - ring of protection from fire
MPRegen  0.14/turn              (no ring)

@: short of breath
A: breathe noxious fumes, unfitting armour, poison resistance, cold-blooded, AC
+7
a: Breathe Noxious Fumes, Renounce Religion


You were on level 9 of the Dungeon.
You worshipped Vehumet.
Vehumet was most pleased with you.
You were hungry.

You visited 2 branches of the dungeon, and saw 10 of its levels.
You also visited: Sewer and Ossuary.

You collected 599 gold pieces.

Inventory:

Hand Weapons
 a - a +0 flail (weapon)
 b - a +0 shortbow
 l - a +0 mace
 H - a +5 flail
Missiles
 h - 3 boomerangs (quivered)
 j - 174 stones
 x - 93 arrows
Armour
 r - a +1 cloak
 y - a scarf of resistance (worn)
Jewellery
 d - a ring of protection from fire (left hand)
 o - an uncursed ring of fire
Wands
 n - a wand of disintegration (21)
 u - a wand of acid (7)
 v - a wand of random effects (26)
Scrolls
 c - 2 scrolls of identify
 e - 11 scrolls of remove curse
 f - 4 scrolls of teleportation
 k - 3 scrolls of amnesia
 m - a scroll of enchant armour
 q - 3 scrolls of noise
 t - 3 scrolls of enchant weapon
 E - a scroll of blinking
 G - 4 scrolls of random uselessness
 I - a scroll of fog {unknown}
Potions
 g - a potion of brilliance
 i - 6 potions of curing
 p - a potion of lignification
 s - 3 potions of flight
 z - 2 potions of heal wounds
 A - 5 potions of haste
 B - 4 potions of mutation
 C - 13 potions of degeneration
 D - a potion of berserk rage
 F - a potion of stabbing
Comestibles
 w - 21 rations


   Skills:
 - Level 5.2 Fighting
 - Level 11.8 Maces & Flails
 - Level 4.3 Dodging
 - Level 1.7 Stealth
 + Level 3.7 Spellcasting
 + Level 4.1 Conjurations


You had 13 spell levels left.
You knew the following spells:

 Your Spells              Type           Power        Failure   Level  Hunger
a - Sandblast             Erth           #.....       7%          1    #......
b - Foxfire               Conj/Fire      #...         3%          1    #......

Your spell library contained the following spells:

 Spells                   Type           Power        Failure   Level  Hunger
 Dazzling Flash           Conj/Hex       #.....       9%          3    ###....
 Inner Flame              Hex/Fire       #.......     19%         3    ###....
 Beastly Appendage        Tmut           #.....       24%         1    #......
 Corona                   Hex            #......      24%         1    #......
 Slow                     Hex            #.......     36%         2    ##.....
 Sticks to Snakes         Tmut           #.......     36%         2    ##.....
 Portal Projectile        Hex/Tloc       #.....       58%         3    ###....
 Spider Form              Tmut/Pois      #.........   58%         3    ###....
 Cause Fear               Hex            #.........   94%         4    #####..
 Ice Form                 Ice/Tmut       #.......     94%         4    #####..
 Leda's Liquefaction      Hex/Erth       #.........   94%         4    #####..
 Blade Hands              Tmut           #.........   100%        5    ######.


Dungeon Overview and Level Annotations

Branches:
Dungeon (9/15)             Temple (1/1) D:7           Sewer (visited)
Ossuary (visited)
   Lair: D:8-11         Orc: D:9-12

Altars:
Ashenzari
Cheibriados
Dithmenos
Elyvilon
Fedhas
Gozag
Hepliaklqana
Kikubaaqudgha
Makhleb
Nemelex Xobeh
Okawaru
Qazlal
Ru
Sif Muna
Trog
Uskayaw
Vehumet
Wu Jian
Xom
Yredelemnul
Zin
The Shining One

Shops:
D:5 =[%}[   D:6 (*%%   D:8 !

Annotations:
D:5 3 runed translucent doors, Anaz's ghost, novice DgAE
D:8 3 runed translucent doors, omer1ben's ghost, novice OpFE


Innate Abilities, Weirdness & Mutations

You can breathe blasts of noxious fumes.
Your lurid green scales are hard. (AC +7)
You cannot fit into any form of body armour.
Your system is resistant to poisons. (rPois)
You are cold-blooded and may be slowed by cold attacks.


Message History

Aiming: Sandblast (safe; 7% risk of failure)
Press: ? - help, Shift-Dir - straight line, f - two-headed ogre, p - leopard gecko
Aim: a two-headed ogre, wielding a -2 giant club and a +0 dire flail (heavily wounded)
The blast of sand hits the two-headed ogre.
The two-headed ogre is severely wounded.
j - 175 stones The two-headed ogre misses you.
The two-headed ogre closely misses you.
Casting: Sandblast (safe; 7% risk of failure)
Confirm with . or Enter, or press ? or * to list all spells.
Aiming: Sandblast (safe; 7% risk of failure)
Press: ? - help, Shift-Dir - straight line, f/p - two-headed ogre
Aim: a two-headed ogre, wielding a -2 giant club and a +0 dire flail (severely wounded)
The blast of sand hits the two-headed ogre but does no damage.
The two-headed ogre is severely wounded.
j - 174 stones You are feeling hungry.
The two-headed ogre hits you with a cursed -2 giant club!
* * * LOW HITPOINT WARNING * * *
The two-headed ogre hits you with a +0 dire flail!!
You die...

###...####.# #.#.# #.# ###..###.#
#.#.# ####'######
#####..##.###.#.# #..........
##..#..##....[.#.# #..........
#...†.##.#######.# #..........
∩_..###..# #<#.# #..........
#..####..#####.#.######..........
####..................'..........
####..#####.#@######..........
#..# #.#O# #.......... #..# #.#.#
####÷###### #..# #.... #.## #..#
#..... #..# #..# #..l... ##.##
#..# #....... #..#
##.####†.#####.#+##### #..#
#.............. #..#


You could see a two-headed ogre and a leopard gecko (confused).

Vanquished Creatures
  Grinder (D:5)
  Sigmund (D:5)
  Purgy (Sewer)
  An ice beast (D:5)
  3 orc warriors
  A necrophage (D:9)
  A phantom (D:9)
  An eye of draining (D:7)
  3 ogres
  5 centaurs
  A big kobold (D:8)
  2 bullfrogs
  A water moccasin zombie (D:6)
  3 scorpions
  9 wights
  A bullfrog zombie (D:6)
  9 orc priests
  A human zombie (Ossuary)
  4 hounds
  3 jellies
  3 orc wizards
  Ijyb (D:5)
  An iguana (D:9)
  5 worker ants
  A big kobold zombie (Ossuary)
  A hound zombie (D:9)
  2 hound skeletons
  3 mummies (Ossuary)
  2 worker ant zombies (D:6)
  4 gnolls (D:4)
  11 adders
  A river rat (D:4)
  3 oozes
  An adder skeleton (D:5)
  3 worms
  A dart slug (D:3)
  4 leopard geckos
  31 orcs
  6 giant cockroaches
  5 gnoll zombies
  6 goblins
  10 hobgoblins
  15 jackals
  9 kobolds
  3 quokkas
  3 ball pythons
  13 bats
  4 frilled lizards
  3 goblin zombies (Ossuary)
  2 leopard gecko skeletons
  A quokka skeleton (D:8)
  8 rats
218 creatures vanquished.

Vanquished Creatures (others)
  5 foxfires (D:8)
  4 plants (D:5)
9 creatures vanquished.

Grand Total: 227 creatures vanquished

Notes
Turn   | Place    | Note
-------+----------+-------------------------------------------
     0 | D:1      | Bapho the Draconian Monk began the quest for the Orb.
     0 | D:1      | Reached XP level 1. HP: 19/19 MP: 1/1
   303 | D:1      | Reached XP level 2. HP: 26/26 MP: 2/2
  1224 | D:2      | Reached XP level 3. HP: 29/33 MP: 3/3
  1971 | D:3      | Reached skill level 4 in Maces & Flails
  2491 | D:3      | Reached XP level 4. HP: 40/40 MP: 4/4
  3316 | D:4      | Noticed an ogre
  3333 | D:4      | Reached XP level 5. HP: 10/46 MP: 5/5
  3610 | D:4      | Killed an ogre
  3610 | D:4      | Reached skill level 5 in Maces & Flails
  3655 | D:4      | Found a glowing drain.
  3662 | Sewer    | Entered a sewer
  3911 | Sewer    | Noticed Purgy
  3948 | Sewer    | Killed Purgy
  3948 | Sewer    | Reached XP level 6. HP: 18/55 MP: 6/6
  4539 | D:4      | Reached skill level 5 in Fighting
  4776 | D:4      | Reached skill level 6 in Maces & Flails
  5030 | D:4      | Your scales start taking on a lurid green colour.
  5030 | D:4      | Reached XP level 7. HP: 60/61 MP: 7/7
  5030 | D:4      | Gained mutation: Your system is resistant to poisons.
                  | (rPois) [Green Draconian growth]
  5833 | D:5      | Entered Level 5 of the Dungeon
  5842 | D:5      | Found Rapumo's Gadget Shoppe.
  5978 | D:5      | Noticed Ijyb
  5996 | D:5      | Killed Ijyb
  6004 | D:5      | Found Lunimm's Armour Emporium.
  6073 | D:5      | Found Gew Gym's Food Boutique.
  6078 | D:5      | Noticed Grinder
  6084 | D:5      | Paralysed by Grinder for 2 turns
  6100 | D:5      | Killed Grinder
  6100 | D:5      | Reached skill level 7 in Maces & Flails
  6116 | D:5      | Found Qiroiruq's Jewellery Boutique.
  6324 | D:5      | Found Vecergh's Armour Shoppe.
  6340 | D:5      | Noticed Anaz's ghost (novice DgAE)
  6341 | D:5      | Found a runed translucent gate.
  6341 | D:5      | Found a runed translucent gate.
  6341 | D:5      | Found a runed translucent gate.
  6345 | D:5      | Identified the +6 whip of Extremism {chaos, rF- rN++ Dex-3
                  | Stlth+}
  6363 | D:5      | Noticed Sigmund
  6373 | D:5      | Killed Sigmund
  6373 | D:5      | Reached skill level 8 in Maces & Flails
  6373 | D:5      | Reached XP level 8. HP: 68/68 MP: 8/8
  6606 | D:5      | Found a blossoming altar of Fedhas.
  6606 | D:5      | Found an ornate altar of the Wu Jian Council.
  6717 | D:5      | Found a basalt altar of Yredelemnul.
  7097 | D:5      | Reached skill level 9 in Maces & Flails
  8166 | D:6      | Reached skill level 10 in Maces & Flails
  8434 | D:6      | Found Uheuf's Weapon Shop.
  8485 | D:6      | Found Ampycasm's Assorted Antiques.
  8493 | D:6      | Found Kuemies's Food Shoppe.
  8504 | D:6      | Found Yssa's Food Emporium.
  9050 | D:6      | Reached XP level 9. HP: 39/74 MP: 9/9
  9305 | D:7      | Reached skill level 11 in Maces & Flails
  9673 | D:7      | Found a staircase to the Ecumenical Temple.
  9686 | Temple   | Entered the Ecumenical Temple
  9928 | Temple   | Became a worshipper of Vehumet
  9928 | Temple   | Reached * piety under Vehumet
  9928 | Temple   | Offered knowledge of Sandblast by Vehumet.
  9928 | Temple   | Reached ** piety under Vehumet
  9931 | Temple   | Learned a level 1 spell: Sandblast
 10048 | D:7      | Offered knowledge of Foxfire by Vehumet.
 10104 | D:7      | Learned a level 1 spell: Foxfire
 10205 | D:7      | Found a hazy altar of Hepliaklqana.
 10672 | D:8      | Found a radiant altar of Vehumet.
 10681 | D:8      | Found a sand-covered staircase.
 10686 | Ossuary  | Entered an ossuary
 10870 | Ossuary  | Reached skill level 1 in Conjurations
 10978 | D:8      | Reached skill level 1 in Spellcasting
 11005 | D:7      | Offered knowledge of Dazzling Flash by Vehumet.
 11213 | D:8      | Reached *** piety under Vehumet
 11621 | D:8      | Found Epuzui Ibama's Distillery.
 11796 | D:8      | Found a runed translucent gate.
 11796 | D:8      | Found a runed translucent gate.
 11796 | D:8      | Found a runed translucent gate.
 11799 | D:8      | Noticed omer1ben's ghost (novice OpFE)
 12239 | D:9      | Found a burning altar of Makhleb.
 12514 | D:9      | Noticed a two-headed ogre
 12526 | D:9      | Slain by a two-headed ogre

Levels and vault maps discovered:
D:1:      dpeg_arrival_chase, layout_loops_cross, serial_forest,
          infiniplex_forest_clump_tiny, infiniplex_forest_split,
          infiniplex_forest_lined_4_way, infiniplex_forest_lined_1,
          infiniplex_forest_straight_2, infiniplex_forest_clump_small,
          infiniplex_forest_clump_C, st_stairs_10, kennysheep_nondescript,
          minmay_misc_feat_chi, minmay_pentomino_u2
D:2:      layout_loops_ring, first_ration
D:3:      layout_basic, minmay_box_of_dots
D:4:      layout_loops_ring, lightli_sewer_entry_pipes
D:5:      layout_basic, lemuel_zombie_altar_yredelemnul,
          gammafunk_temple_overflow_wave, serial_shops, shop,
          nicolae_shop_trees, kennysheep_mini,
          nicolae_shop_competitors_out_of_business, nicolae_shop_stone,
          gammafunk_ghost_nasty_kobolds, uniq_sigmund, uniq_ijyb, uniq_grinder
D:6:      layout_gridville, serial_shops, shop, kennysheep_little_box, shop,
          shop, kennysheep_generic_room_15
D:7:      layout_cave_pods, kennysheep_mini_moat,
          minmay_temple_entry_gardened_gates
D:8:      layout_cave_pools, basic_altar, serial_shops,
          nicolae_shop_behind_doors, gammafunk_ghost_necromancy,
          enter_ossuary_2, grunt_ogre_cave, hangedman_abyss_or_decor_passed,
          lemuel_old_faithful
D:9:      layout_basic, makhleb_blood_cavern_becter, special_room
          [special_room_orc], uniq_psyche, uniq_prince_ribbit1
Temple:   minmay_crystal_spiral_temple

Skill      XL: |  1  2  3  4  5  6  7  8  9 |
---------------+----------------------------+-----
Dodging        | 3 4 |  4.3
Maces & Flails | 4 5 6 8 10 11 | 11.8
Fighting       | 4 5 |  5.2
Conjurations   | 4 |  4.1
Spellcasting   | 3 |  3.7
Stealth        | |  1.7

Action                   |  1- 3 |  4- 6 |  7- 9 || total
-------------------------+-------+-------+-------++-------
Melee: Mace              |   127 |   291 |     6 ||   424
       Tailslap          |    16 |    35 |    50 ||   101
       Flail             |       |       |   443 ||   443
 Fire: Shortbow          |       |       |   114 ||   114
Throw: Stone             |    95 |    46 |    15 ||   156
       Boomerang         |       |       |    94 ||    94
 Cast: Sandblast         |       |       |     3 ||     3
       Foxfire           |       |       |     3 ||     3
 Abil: Breathe Noxious F |       |       |    21 ||    21
  Use: Scroll            |       |     9 |     9 ||    18
       Potion            |       |     6 |       ||     6
 Stab: Sleeping          |     1 |       |       ||     1
       Confused          |       |       |    18 ||    18
  Eat: Chunk             |     5 |     9 |    17 ||    31
       Ration            |       |       |     3 ||     3
Armor: Skin              |    48 |   118 |    97 ||   263
Dodge: Dodged            |    97 |   230 |   259 ||   586

Table legend:
 A = Non-vault XP
 B = Vault XP
 C = Vault XP percentage of total XP
 D = Non-vault monster count
 E = Vault monster count
 F = Vault count percentage of total count
                 A         B        C        D         E       F
            +---------+---------+-------+---------+---------+-------
      Total |    4096 |    1175 |  22.3 |     178 |      40 |  18.3
            +---------+---------+-------+---------+---------+-------
        D:1 |      24 |       6 |  20.0 |      15 |       3 |  16.7
        D:2 |      21 |       0 |   0.0 |      11 |       0 |   0.0
        D:3 |      77 |       9 |  10.5 |      30 |       3 |   9.1
        D:4 |     485 |      89 |  15.5 |      30 |       9 |  23.1
        D:5 |     388 |     540 |  58.2 |      13 |       5 |  27.8
        D:6 |    1048 |       0 |   0.0 |      29 |       0 |   0.0
        D:7 |     821 |       0 |   0.0 |      13 |       0 |   0.0
        D:8 |     939 |     121 |  11.4 |      32 |       1 |   3.0
        D:9 |     293 |     142 |  32.6 |       5 |       2 |  28.6
      Sewer |       0 |     139 | 100.0 |       0 |       6 | 100.0
    Ossuary |       0 |     129 | 100.0 |       0 |      11 | 100.0
            +---------+---------+-------+---------+---------+-------
